 Dungeon Crawl Stone Soup version 0.30.0-29-ga12c61a403 (webtiles) character file.

Game seed: 16262405090252373300

1102 olmar the Insei (level 8, -1/60 HPs)
             Began as a Gnoll Transmuter on June 11, 2023.
             Was a Believer of Vehumet.
             Slain by an orc warrior
             ... wielding a +0 scimitar
              (12 damage)
             ... on level 6 of the Dungeon.
             The game lasted 00:08:15 (3820 turns).

olmar the Insei (Gnoll Transmuter)                  Turns: 3820, Time: 00:08:16

Health: -1/60      AC:  2    Str: 10    XL:     8   Next: 32%
Magic:  23/26      EV: 23    Int: 14    God:    Vehumet [**....]
Gold:   434        SH:  0    Dex: 18    Spells: 9/19 levels left

rFire   . .          .
                       - Unarmed
rCold   . . .        (shield currently unavailable)
rNeg    . . .        a - melded +0 robe
rPois   x            (helmet currently unavailable)
rElec   .            c - melded scarf {rC+ rF+}
rCorr   .            l - melded +0 pair of gloves
SInv    .            o - melded +0 pair of boots
Will    .....        (no amulet)
Stlth   +++          e - ring of magical power
HPRegen 0.30/turn    (no ring)
MPRegen 0.20/turn

%: no passive effects
@: spider-form, wereblooded
A: venomous fangs, tiny, (fangs 1), strong nose, distributed training
a: End Transformation, Renounce Religion


You were on level 6 of the Dungeon.
You worshipped Vehumet.
Vehumet was pleased with you.
You were a venomous arachnid creature.
You visited 1 branch of the dungeon, and saw 6 of its levels.
You also visited: Ossuary.

You collected 434 gold pieces.

Inventory:

Hand Weapons
 n - a +1 dagger of draining
 r - a +1 short sword of speed
Missiles
 d - 9 javelins
 v - 2 poisoned darts
 w - 3 boomerangs
Armour
 a - a +0 robe (melded)
 c - a scarf of resistance (melded)
 l - a +0 pair of gloves (melded)
 o - a +0 pair of boots (melded)
 C - +1 swamp dragon scales
Jewellery
 e - a ring of magical power (left front pincers)
Wands
 t - a wand of mindburst (11)
Scrolls
 j - 2 scrolls of immolation
 m - a scroll of blinking
 p - 2 scrolls of fog
 s - a scroll of amnesia {unknown}
 y - 3 scrolls of magic mapping
 z - a scroll of vulnerability {unknown}
 D - a scroll of teleportation
 E - a scroll of fear {unknown}
 F - a scroll of noise {unknown}
Potions
 b - a potion of lignification
 f - 3 potions of degeneration
 g - 2 potions of haste
 h - a potion of flight
 i - 4 potions of curing
 k - a potion of mutation
 q - a potion of ambrosia {unknown}
 u - 3 potions of heal wounds {unknown}
 x - 2 potions of might
 A - a potion of brilliance {unknown}
 B - 2 potions of invisibility


   Skills:
 + Level 4.2 Fighting
 + Level 3.3 Short Blades
 + Level 3.3 Long Blades
 + Level 3.3 Axes
 + Level 3.3 Maces & Flails
 + Level 3.3 Polearms
 + Level 3.3 Staves
 + Level 3.3 Ranged Weapons
 + Level 3.3 Throwing
 + Level 3.3 Armour
 + Level 5.7 Dodging
 + Level 3.3 Stealth
 + Level 3.3 Shields
 + Level 7.4 Unarmed Combat
 + Level 6.0 Spellcasting
 + Level 2.6 Conjurations
 + Level 2.6 Hexes
 + Level 2.6 Summonings
 + Level 2.6 Necromancy
 + Level 2.6 Translocations
 + Level 4.7 Transmutations
 + Level 2.6 Fire Magic
 + Level 2.6 Ice Magic
 + Level 2.6 Air Magic
 + Level 2.6 Earth Magic
 + Level 2.6 Poison Magic
 + Level 3.6 Invocations
 + Level 3.3 Evocations


You had 9 spell levels left.
You knew the following spells:

 Your Spells              Type           Power      Damage    Failure   Level
a - Beastly Appendage     Tmut           34%        N/A       9%          1
b - Wereblood             Tmut           17%        N/A       12%         2
c - Ice Form              Ice/Tmut       14%        N/A       56%         4
d - Spider Form           Tmut/Pois      14%        N/A       26%         3

Your spell library contained the following spells:

 Spells                   Type           Power      Damage    Failure   Level
 Sandblast                Erth           22%        2d7       16%         1
 Necrotise                Necr           44%        1d6       16%         1
 Vampiric Draining        Necr           11%        2d6       34%         3
 Agony                    Necr           11%        N/A       93%         5


Dungeon Overview and Level Annotations

Branches:
Dungeon (7/15)             Temple (0/1) D:7         Ossuary (visited)

Altars:
Kikubaaqudgha
Nemelex Xobeh
Vehumet

Annotations:
D:4 Duvessa
D:7 2 transporters


Innate Abilities, Weirdness & Mutations

You are a venomous arachnid creature.
You have venomous fangs.
You are tiny and dextrous.
Your spellcasting is less reliable in this form.
Your armour is entirely melded.
You are incapable of wielding weapons or throwing items.
((You have very sharp teeth.))
Your uncanny sense of smell can sniff out nearby items.
Your experience applies equally to all skills.


Message History

Okay, then.
Okay, then.
Casting: Ice Form (quite dangerous; 34% risk of failure)
Confirm with . or Enter, or press ? or * to list all spells.
Okay, then.
Okay, then.
You hit the orc warrior.
You headbutt the orc warrior, but do no damage.
The orc warrior is heavily wounded.
The orc warrior hits you with a +0 scimitar!
No target in view!
No target in view!
Unknown command.
Casting: Ice Form (quite dangerous; 34% risk of failure)
Confirm with . or Enter, or press ? or * to list all spells.
Your horns disappear.
Your talons disappear.
Your +0 pair of boots unmelds from your body.
You turn into a venomous arachnid creature.
Your scarf of resistance melds into your body.
Your +0 pair of gloves melds into your body.
Your +0 pair of boots melds into your body.
Your +0 robe melds into your body.
You feel hot and cold all over.
Unknown command.
You hit the orc warrior.
The orc warrior is poisoned.
The orc warrior is heavily wounded.
The orc warrior hits you with a +0 scimitar!
You hit the orc warrior but do no damage.
The orc warrior is heavily wounded.
The orc warrior hits you with a +0 scimitar!
* * * LOW HITPOINT WARNING * * *
You bite the orc warrior!
The orc warrior looks as sick as possible!
The orc warrior is almost dead.
The orc warrior hits you with a +0 scimitar!
* * * LOW HITPOINT WARNING * * *
Okay, then.
You feel better.
You hiss as the wereblood boils in your veins!
The orc warrior hits you with a +0 scimitar!
You die...

##########.#########.#
.............# #.#######
.......###.#.#######.......#
.#####.# #...............#.#
.# #.# #.#.####..#####.#
.#####.###.######..# #
...................##≈##
########.#..###.≈≈...≈...
....# #.##. ##s~≈.#~≈≈.
###.# # #o##~≈.#..≈ ###.#
##)##### ≈≈ .##.# ##o# .
#.#.# o.≈ .##.# .### ###.#
o. # #.# o. ###.# .#.


You could see an orc warrior (extremely poisoned).

Vanquished Creatures
  Maggie (D:6)
  A water moccasin (D:7)
  An ice beast (D:7)
  A howler monkey (D:7)
  2 hounds
  An orc priest (D:7)
  A jelly (D:6)
  3 iguanas
  2 orc wizards
  8 mummies (Ossuary)
  5 adders
  2 shadow imps (D:7)
  3 white imps
  An ufetubus (D:4)
  5 worms
  3 dart slugs (D:1)
  20 orcs
  11 endoplasms
  2 giant cockroaches (D:2)
  2 gnoll zombies (Ossuary)
  6 goblins
  7 hobgoblins
  10 kobolds
  3 quokkas
  2 ball pythons
  4 bats
  2 frilled lizards (D:2)
  2 hobgoblin zombies (Ossuary)
  3 kobold zombies (Ossuary)
  An orc zombie (Ossuary)
  4 rats
119 creatures vanquished.

Notes
Turn   | Place    | Note
-------+----------+-------------------------------------------
     0 | D:1      | olmar the Gnoll Transmuter began the quest for the Orb.
     0 | D:1      | Reached XP level 1. HP: 17/17 MP: 6/6
    57 | D:1      | Reached XP level 2. HP: 22/23 MP: 7/7
   273 | D:1      | Learned a level 2 spell: Wereblood
   467 | D:1      | Reached skill level 5 in Spellcasting
   467 | D:1      | Reached XP level 3. HP: 28/28 MP: 9/9
   670 | D:2      | Reached skill level 1 in Invocations
   766 | D:2      | Reached skill level 1 in Short Blades
   766 | D:2      | Reached skill level 1 in Long Blades
   766 | D:2      | Reached skill level 1 in Axes
   766 | D:2      | Reached skill level 1 in Maces & Flails
   766 | D:2      | Reached skill level 1 in Polearms
   766 | D:2      | Reached skill level 1 in Staves
   766 | D:2      | Reached skill level 1 in Ranged Weapons
   766 | D:2      | Reached skill level 1 in Throwing
   766 | D:2      | Reached skill level 1 in Armour
   766 | D:2      | Reached skill level 1 in Stealth
   766 | D:2      | Reached skill level 1 in Shields
   766 | D:2      | Reached skill level 1 in Evocations
   981 | D:2      | Reached XP level 4. HP: 32/34 MP: 11/11
  1197 | D:2      | Reached skill level 1 in Conjurations
  1197 | D:2      | Reached skill level 1 in Hexes
  1197 | D:2      | Reached skill level 1 in Summonings
  1197 | D:2      | Reached skill level 1 in Necromancy
  1197 | D:2      | Reached skill level 1 in Translocations
  1197 | D:2      | Reached skill level 1 in Fire Magic
  1197 | D:2      | Reached skill level 1 in Ice Magic
  1197 | D:2      | Reached skill level 1 in Air Magic
  1197 | D:2      | Reached skill level 1 in Earth Magic
  1197 | D:2      | Reached skill level 1 in Poison Magic
  1406 | D:2      | Learned a level 4 spell: Ice Form
  1410 | D:2      | Learned a level 3 spell: Spider Form
  1425 | D:3      | Found a sparkling altar of Nemelex Xobeh.
  1434 | D:3      | Found a radiant altar of Vehumet.
  1444 | D:3      | Became a worshipper of Vehumet
  1668 | D:3      | Reached XP level 5. HP: 35/40 MP: 12/12
  1803 | D:3      | Found an ancient bone altar of Kikubaaqudgha.
  2708 | D:4      | Reached * piety under Vehumet
  2708 | D:4      | Offered knowledge of Magic Dart by Vehumet.
  2777 | D:4      | Reached XP level 6. HP: 47/47 MP: 13/13
  2821 | D:4      | Noticed Duvessa
  2821 | D:4      | You fall into a shaft and drop 3 floors!
  2847 | D:7      | Reached skill level 5 in Dodging
  2862 | D:7      | Noticed a water moccasin
  2875 | D:7      | Noticed an ice beast
  2881 | D:7      | Killed a water moccasin
  2890 | D:7      | Killed an ice beast
  2891 | D:7      | Reached skill level 7 in Unarmed Combat
  2891 | D:7      | Reached XP level 7. HP: 20/52 MP: 15/15
  2983 | D:7      | Found a sand-covered staircase.
  3017 | Ossuary  | Entered an ossuary
  3061 | Ossuary  | Reached ** piety under Vehumet
  3063 | Ossuary  | Offered knowledge of Sandblast by Vehumet.
  3312 | D:7      | Found a transporter.
  3428 | D:7      | Found a transporter.
  3538 | D:6      | Noticed Maggie
  3552 | D:6      | Killed Maggie
  3553 | D:6      | Reached XP level 8. HP: 22/60 MP: 17/17
  3819 | D:6      | HP: 2/60 [orc warrior/+0 scimitar (9)]
  3820 | D:6      | Slain by an orc warrior

Illustrated notes

Levels and vault maps discovered:
D:1:      wander_arrival_estate, layout_rooms
D:2:      layout_loops_ring, nicolae_half_adder
D:3:      layout_basic, nicolae_overflow_crystal_walls,
          grunt_temple_overflow_open, grunt_decor_arrowhead
D:4:      layout_rooms, mainiacjoe_overflow_catwalk,
          amcnicky_mini_rare_corridor_liquid, uniq_grinder,
          uniq_crazy_yiuf_cottage, uniq_duvessa
D:6:      layout_loops_ring, lemuel_blue_sif_altar,
          mainiacjoe_overflow_boulevard, chequers_serial_rivers_small_b,
          hangedman_abyss_or_decor_lesser_grid, uniq_maggie
D:7:      gammafunk_beogh_shrine, layout_loops_ring, minmay_temple_entry_hall,
          ebering_ghost_reflecting_pool, nicolae_ossuary_entry_ruins,
          kennysheep_generic_room_14, uniq_joseph, uniq_pikel

Skill      XL: |  1  2  3  4  5  6  7 |
---------------+----------------------+-----
Spellcasting   | 5 6 |  6.0
Invocations    | 1 2 3 |  3.6
Short Blades   | 1 2 3 |  3.3
Long Blades    | 1 2 3 |  3.3
Axes           | 1 2 3 |  3.3
Maces & Flails | 1 2 3 |  3.3
Polearms       | 1 2 3 |  3.3
Staves         | 1 2 3 |  3.3
Ranged Weapons | 1 2 3 |  3.3
Throwing       | 1 2 3 |  3.3
Armour         | 1 2 3 |  3.3
Stealth        | 1 2 3 |  3.3
Shields        | 1 2 3 |  3.3
Evocations     | 1 2 3 |  3.3
Conjurations   | 1 2 |  2.6
Hexes          | 1 2 |  2.6
Summonings     | 1 2 |  2.6
Necromancy     | 1 2 |  2.6
Translocations | 1 2 |  2.6
Fire Magic     | 1 2 |  2.6
Ice Magic      | 1 2 |  2.6
Air Magic      | 1 2 |  2.6
Earth Magic    | 1 2 |  2.6
Poison Magic   | 1 2 |  2.6
Fighting       | 3 4 |  4.2
Transmutations | 4 |  4.7
Dodging        | 5 |  5.7
Unarmed Combat | 7 |  7.4

Action                     |  1- 3 |  4- 6 |  7- 9 || total
---------------------------+-------+-------+-------++-------
  Melee: Unarmed           |    80 |   136 |   109 ||   325
         Bite              |     8 |    12 |    13 ||    33
         Kick              |     9 |    19 |    14 ||    42
         Headbutt          |     7 |    11 |     9 ||    27
         Punch             |     2 |     7 |     7 ||    16
  Throw: Javelin           |     3 |     4 |    16 ||    23
         Boomerang         |       |     4 |       ||     4
         Dart              |       |     1 |       ||     1
   Cast: Beastly Appendage |    11 |    12 |     4 ||    27
         Wereblood         |     4 |    10 |     4 ||    18
         Spider Form       |       |       |     2 ||     2
    Use: Potion            |     1 |     3 |     2 ||     6
         Scroll            |       |     8 |     3 ||    11
   Stab: Sleeping          |     2 |     2 |       ||     4
 Armour: Robe              |    10 |    27 |     6 ||    43
  Dodge: Dodged            |    42 |    92 |    43 ||   177
